Map: 2000 Atmospheres LE

Players

HeroMarine - Winner!

  • Race: Terran Terran

Maru

  • Race: Terran Terran

Event: DreamHack SC2 Masters Last Chance 2022

VOD

Have the link to the VOD?

Description

Time

  • Played on: Jan. 12, 2022, 10:35 a.m.
  • Length: 14:03

All games in this series

Show
View Real Time Build Order
Export as new Build Order

HeroMarine Terran - Winner!

Build Orders: Reaper Expand 

Get SALT Encoding   

  12  0:00  SCV  
  13  0:12  SCV  
  14  0:17  Supply Depot  
  14  0:24  SCV  
  15  0:38  SCV  
  15  0:40  Barracks  
  16  0:43  Refinery  
  16  0:50  SCV  
  17  1:02  SCV  
  18  1:14  SCV  
  19  1:27  Reaper, Orbital Command  
  20  1:39  Command Center  
  20  1:48  Supply Depot  
  20  1:52  SCV  
  21  1:58  Marine  
  22  2:05  Factory, SCV  
  23  2:11  Bunker  
  23  2:16  Marine  
  23  2:22  SCV  
  25  2:24  Bunker  
  24  2:34  SCV, Marine  
  25  2:46  SCV  
  25  2:49  Hellion  
  28  2:51  Supply Depot  
  28  2:52  Marine  
  29  2:58  SCV  
  29  3:04  Command Center  
  30  3:11  Factory Tech Lab  
  30  3:13  Refinery, Marine  
  30  3:16  SCV  
  32  3:28  SCV  
  32  3:30  Cyclone  
  37  3:40  SCV  
  37  3:42  Barracks Reactor  
  37  3:52  SCV  
  30  4:04  SCV  
  30  4:09  Cyclone  
  34  4:11  Starport  
  34  4:16  SCV  
  35  4:18  Command Center  
  35  4:20  Marine x2  
  37  4:28  SCV  
  38  4:37  Refinery  
  38  4:38  Marine x2  
  38  4:40  SCV  
  41  4:50  Factory Tech Lab  
  41  4:53  SCV  
  41  4:55  Raven  
  41  4:56  Marine x2  
  41  4:58  Orbital Command  
  46  5:05  SCV  
  47  5:08  Siege Tank  
  49  5:14  Marine x2  
  49  5:17  SCV  
  52  5:24  SCV  
  52  5:27  Refinery  
  53  5:29  SCV  
  53  5:30  Orbital Command  
  53  5:32  Marine x2  
  56  5:36  SCV  
  56  5:37  Supply Depot  
  56  5:38  Raven  
  56  5:41  SCV  
  60  5:43  Siege Tank  
  60  5:48  SCV  
  64  5:51  Marine x2  
  64  5:53  SCV  
  64  5:56  Supply Depot, SCV  
  68  6:00  SCV  
  69  6:05  SCV  
  69  6:07  Barracks  
  69  6:08  SCV  
  71  6:14  SCV  
  71  6:15  Barracks  
  71  6:17  SCV  
  73  6:19  Siege Tank  
  73  6:20  SCV  
  77  6:26  SCV  
  77  6:29  SCV  
  77  6:30  Viking x2  
  83  6:32  SCV  
  83  6:35  Engineering Bay  
  83  6:37  Engineering Bay  
  83  6:39  SCV  
  85  6:45  Stimpack  
  85  6:50  Orbital Command  
  85  6:51  Supply Depot  
  85  6:52  Supply Depot  
  85  7:00  Barracks Reactor  
  85  7:02  Terran Infantry Weapons Level 1  
  85  7:04  Barracks Reactor, Terran Infantry Armor Level 1  
  85  7:13  SCV x2, Viking x2, Marine  
  92  7:16  Supply Depot  
  92  7:17  SCV  
  93  7:23  Siege Tank  
  93  7:25  SCV  
  93  7:27  SCV  
  93  7:29  SCV  
  97  7:30  Marine  
  97  7:32  Sensor Tower  
  93  7:37  SCV  
  93  7:39  SCV  
  93  7:41  SCV  
  96  7:46  Marine x2  
  96  7:47  Marine  
  96  7:48  Supply Depot, Viking, Marine  
  96  7:49  SCV, Viking  
  104  7:51  SCV  
  104  7:54  SCV  
  104  7:56  Supply Depot  
  106  8:00  Siege Tank  
  106  8:01  SCV  
  106  8:03  SCV  
  106  8:04  Supply Depot  
  111  8:06  SCV  
  111  8:07  Marine  
  111  8:12  Marine x2  
  113  8:13  SCV, Marine x2  
  113  8:15  SCV  
  119  8:23  Medivac x2  
  119  8:25  Marine  
  119  8:26  SCV x2  
  126  8:30  SCV, Marine x2  
  126  8:31  Marine  
  130  8:39  Refinery x2, Marine  
  130  8:41  Siege Tank  
  134  8:42  Barracks  
  134  8:43  Marine, Barracks  
  134  8:45  SCV  
  134  8:46  SCV  
  134  8:47  SCV  
  138  8:48  Combat Shield  
  139  8:56  Supply Depot  
  139  8:58  SCV, Armory  
  139  9:01  Marine  
  141  9:09  Command Center  
  140  9:12  Marine x3  
  140  9:15  Marine  
  140  9:16  Siege Tank  
  147  9:19  Marine  
  147  9:20  Medivac x2  
  152  9:30  Marine x3  
  154  9:33  Marine  
  154  9:39  Marine  
  154  9:40  Barracks Reactor  
  154  9:43  Barracks Reactor  
  154  9:44  Supply Depot  
  154  9:45  SCV x2  
  157  9:46  Terran Infantry Weapons Level 2  
  157  9:52  Terran Infantry Armor Level 2  
  157  9:57  Marine  
  157  9:58  SCV  
  157  10:05  Terran Vehicle Weapons Level 1  
  157  10:06  Medivac x2, SCV x2  
  157  10:07  Supply Depot x2  
  163  10:10  Missile Turret, SCV  
  163  10:12  Marine x2  
  163  10:16  Marine x2  
  163  10:17  Marine  
  163  10:19  Marine x2  
  168  10:23  Marine x2  
  162  10:29  Siege Tank  
  162  10:32  Marine x2  
  162  10:34  Marine x3  
  170  10:36  Medivac x2, Marine  
  170  10:37  Marine  
  170  10:41  Marine x2  
  178  10:49  SCV  
  174  10:50  SCV, Marine  
  174  10:51  Marine  
  174  10:52  Marine x2  
  174  10:53  Marine  
  174  10:54  Marine  
  174  10:55  Marine  
  156  10:58  Marine  
  156  10:59  Marine  
  156  11:01  Siege Tank  
  156  11:03  Factory  
  155  11:05  SCV x2  
  155  11:06  SCV  
  155  11:07  Marine  
  155  11:09  Marine  
  155  11:10  Marine x2  
  159  11:11  Planetary Fortress, Marine  
  159  11:12  Marine  
  159  11:13  Marine  
  159  11:16  Marine x2  
  164  11:22  Medivac x2  
  164  11:25  Marine  
  168  11:27  Marine  
  168  11:28  Marine x2  
  168  11:30  Refinery  
  168  11:31  Refinery  
  172  11:35  Starport, Marine  
  172  11:36  Starport  
  172  11:38  Sensor Tower, Marine x2  
  175  11:42  Marine x2  
  175  11:45  Siege Tank  
  178  11:48  Marine x4  
  178  11:53  Marine  
  177  11:55  Marine  
  177  11:56  Marine  
  177  12:00  Marine x2  
  170  12:03  Factory Tech Lab  
  170  12:04  Viking x2  
  170  12:06  Marine x4  
  178  12:13  Command Center  
  178  12:16  Marine  
  178  12:17  Siege Tank, Marine  
  178  12:20  Marine x2  
  178  12:21  Siege Tank  
  178  12:22  Viking  
  190  12:30  Viking, Marine x2  
  186  12:43  Marine  
  183  12:45  Marine x2  
  183  12:46  Marine x3  
  183  12:48  Marine  
  183  12:49  Siege Tank  
  183  12:51  Medivac  
  161  12:53  Siege Tank  
  161  12:54  Marine x2  
  166  13:00  Medivac  
  166  13:01  Marine  
  166  13:03  Marine  
  166  13:04  Medivac x2  
  174  13:06  Marine  
  175  13:18  Marine x2  
  177  13:21  Siege Tank, Marine x2  
  177  13:22  Marine x2  
  177  13:23  Marine  
  177  13:24  Marine  
  177  13:25  Siege Tank  
  189  13:28  Viking  
  189  13:30  Viking  
Show
View Real Time Build Order
Export as new Build Order

Maru Terran 

Build Orders:  

Get SALT Encoding   

  12  0:00  SCV  
  13  0:15  Supply Depot  
  13  0:17  SCV  
  14  0:37  Barracks  
  14  0:42  Refinery  
  14  0:53  Barracks  
  14  0:58  SCV  
  15  1:10  SCV  
  17  1:25  Reaper  
  17  1:26  Orbital Command  
  17  1:30  Refinery  
  17  1:43  Reaper  
  17  1:45  Supply Depot  
  18  1:51  SCV  
  19  2:00  Reaper  
  20  2:03  SCV  
  21  2:15  Reaper  
  22  2:16  SCV  
  23  2:28  SCV  
  23  2:32  Factory  
  23  2:40  SCV  
  24  2:47  Reaper  
  25  2:53  SCV  
  26  3:02  Command Center  
  26  3:07  SCV  
  26  3:10  Supply Depot  
  27  3:19  SCV  
  28  3:20  Factory Tech Lab  
  28  3:26  Starport  
  28  3:31  SCV  
  29  3:39  Cyclone  
  32  3:43  SCV  
  32  3:55  SCV  
  31  4:07  SCV, Starport Tech Lab  
  30  4:11  Cyclone  
  30  4:15  Refinery, Orbital Command  
  33  4:19  SCV  
  34  4:31  SCV  
  34  4:34  Raven  
  37  4:38  Command Center  
  37  4:41  SCV  
  37  4:43  SCV  
  39  4:45  Barracks Reactor  
  39  4:54  SCV  
  39  4:55  SCV  
  39  4:59  Siege Tank  
  44  5:00  Refinery  
  44  5:04  Supply Depot  
  44  5:06  SCV  
  45  5:08  SCV  
  46  5:18  SCV  
  46  5:20  SCV  
  48  5:23  Raven  
  48  5:25  Marine x2  
  48  5:27  Supply Depot  
  52  5:30  SCV  
  52  5:32  SCV  
  54  5:36  Siege Tank  
  57  5:43  SCV, Marine x2  
  57  5:44  SCV  
  61  5:51  Orbital Command  
  61  5:53  Barracks  
  61  5:55  SCV, Barracks  
  62  6:00  SCV  
  65  6:07  Supply Depot  
  65  6:11  Siege Tank  
  66  6:13  SCV x2  
  66  6:17  Viking x2  
  72  6:24  Orbital Command  
  73  6:25  SCV  
  73  6:27  Stimpack  
  73  6:32  Engineering Bay x2  
  73  6:34  SCV  
  73  6:35  Marine  
  73  6:37  SCV  
  76  6:43  Barracks Reactor  
  76  6:44  Barracks Reactor  
  76  6:46  SCV, Siege Tank  
  80  6:50  Supply Depot, SCV  
  80  6:51  SCV  
  80  6:52  Viking  
  83  6:55  Viking  
  83  6:58  SCV  
  86  7:02  SCV  
  86  7:03  SCV  
  86  7:04  Terran Infantry Weapons Level 1, Terran Infantry Armor Level 1  
  88  7:10  SCV  
  88  7:13  Supply Depot  
  88  7:14  SCV, Marine  
  91  7:15  SCV  
  91  7:17  Supply Depot  
  91  7:19  Siege Tank  
  96  7:22  SCV  
  96  7:26  SCV  
  96  7:28  SCV  
  98  7:31  Medivac  
  98  7:32  Marine  
  98  7:34  Marine x3  
  98  7:36  SCV  
  105  7:38  SCV  
  105  7:41  Supply Depot, Refinery  
  105  7:42  Refinery, Marine  
  105  7:43  Sensor Tower  
  107  7:47  SCV  
  107  7:49  Marine  
  107  7:51  SCV x2  
  111  7:52  Marine x3  
  111  7:57  Barracks  
  111  7:58  Supply Depot  
  114  7:59  SCV, Barracks  
  115  8:05  Armory  
  115  8:08  Medivac x2  
  118  8:15  SCV x3  
  120  8:20  Marine x5  
  120  8:21  Siege Tank, Combat Shield  
  120  8:27  SCV  
  128  8:37  Marine  
  128  8:38  Marine  
  128  8:39  Supply Depot, Command Center  
  130  8:43  Viking  
  130  8:47  Supply Depot, Barracks Reactor  
  130  8:48  Barracks Reactor  
  132  8:52  Marine  
  132  8:55  Terran Vehicle Weapons Level 1  
  133  8:56  Supply Depot  
  133  9:00  Marine x3  
  136  9:08  Terran Infantry Weapons Level 2, Terran Infantry Armor Level 2, Siege Tank  
  139  9:13  Supply Depot  
  139  9:17  Marine x2  
  139  9:18  Marine x2  
  143  9:25  Marine x4  
  143  9:27  Viking  
  143  9:29  Viking  
  151  9:38  Marine x4  
  150  9:40  Siege Tank  
  155  9:47  Supply Depot, SCV x2  
  155  9:48  Factory  
  155  9:51  Marine x2  
  155  9:52  Barracks Reactor, Marine x2  
  160  9:55  Marine  
  160  9:56  Marine  
  160  9:59  SCV x2  
  164  10:02  Viking x2  
  164  10:03  SCV  
  169  10:09  Marine x2  
  169  10:10  Marine x3  
  169  10:11  SCV  
  169  10:13  Siege Tank  
  153  10:29  Marine  
  153  10:30  Marine x8  
  153  10:32  Siege Tank  
  153  10:35  SCV x3  
  163  10:36  Viking  
  163  10:37  Viking  
  165  10:51  Marine x4  
  165  10:55  Marine x2  
  165  10:56  Siege Tank, Marine x3  
  150  11:06  Siege Tank  
  150  11:11  Medivac x2  
  153  11:12  Marine x4  
  153  11:13  Marine  
  153  11:18  Starport, Terran Vehicle Weapons Level 2  
  154  11:19  Starport  
  154  11:23  SCV x2  
  154  11:24  Command Center  
  154  11:25  SCV  
  157  11:28  Siege Tank  
  160  11:35  SCV  
  160  11:38  Siege Tank  
  163  11:53  Marine x2  
  163  11:54  Marine  
  147  11:59  Marine  
  147  12:01  SCV, Siege Tank  
  151  12:02  SCV  
  151  12:06  Medivac x2  
  151  12:07  Marine x5  
  161  12:10  Refinery, Siege Tank  
  161  12:11  Supply Depot  
  161  12:13  Refinery  
  161  12:14  SCV  
  165  12:18  Orbital Command  
  165  12:25  Supply Depot x2, SCV  
  165  12:28  Marine  
  165  12:29  Marine x2  
  164  12:33  Siege Tank  
  155  12:41  Marine x4  
  155  12:43  Siege Tank  
  155  12:44  Marine  
  138  12:46  Marine  
  138  12:47  Marine  
  138  12:48  SCV x2  
  138  12:51  SCV  
  115  12:58  Medivac x2  
  119  13:00  SCV x2  
  119  13:02  Marine  
  119  13:03  SCV  
  119  13:05  Siege Tank  
  126  13:10  Marine  
  126  13:12  SCV  
  128  13:14  SCV  
  128  13:15  SCV  
  130  13:20  Marine  
  130  13:21  Marine x5  
  130  13:24  SCV  
  137  13:28  Marine  
  137  13:31  Siege Tank  

Tags
 
Add a new tag
Caveats
  • Supply blocks, unpowered buildings, or Contaminate may cause inaccurate times.
  • Supply counts are checked every 10 seconds.